Map: Ruins of Seras

Players

JevynSlayer - Winner!

  • Race: Protoss Protoss
  • League: Diamond

MorN

  • Race: Zerg Zerg
  • League: Master

VOD

Have the link to the VOD?

Description

Time

  • Played on: Nov. 29, 2015, 9:56 p.m.
  • Length: 11:30
Show
View Real Time Build Order
Export as new Build Order

JevynSlayer Protoss - Winner!

Build Orders:  

Get SALT Encoding   

  12  0:01  Probe (Chrono Boost)  
  13  0:11  Probe (Chrono Boost)  
  14  0:21  Pylon  
  14  0:28  Probe (Chrono Boost)  
  15  0:39  Probe (Chrono Boost)  
  16  0:49  Probe (Chrono Boost)  
  17  1:00  Probe (Chrono Boost)  
  18  1:07  Nexus  
  18  1:12  Probe (Chrono Boost)  
  19  1:21  Gateway  
  19  1:23  Probe (Chrono Boost)  
  20  1:29  Assimilator  
  20  1:34  Assimilator  
  20  1:45  Probe (Chrono Boost)  
  20  1:46  Pylon  
  21  1:55  Probe (Chrono Boost)  
  22  2:06  Probe (Chrono Boost)  
  23  2:12  Cybernetics Core  
  23  2:16  Probe (Chrono Boost)  
  23  2:20  Probe (Chrono Boost)  
  25  2:27  Probe (Chrono Boost)  
  26  2:31  Probe (Chrono Boost)  
  27  2:37  Probe (Chrono Boost)  
  27  2:41  Probe (Chrono Boost)  
  29  2:47  Probe (Chrono Boost)  
  30  2:51  Probe (Chrono Boost)  
  30  2:52  Warp Gate (Chrono Boost)  
  30  2:55  Sentry  
  30  2:57  Probe  
  34  3:03  Probe  
  35  3:06  Pylon  
  35  3:07  Probe  
  36  3:15  Assimilator  
  36  3:16  Mothership Core  
  36  3:18  Probe  
  39  3:28  Probe  
  40  3:35  Assimilator  
  40  3:37  Probe  
  40  3:39  Probe, Robotics Facility  
  42  3:41  Gateway  
  42  3:49  Probe x2  
  44  4:00  Probe  
  44  4:01  Probe  
  46  4:10  Probe  
  46  4:12  Nexus  
  46  4:13  Probe  
  46  4:14  Pylon  
  47  4:18  Pylon  
  47  4:21  Probe  
  48  4:25  Probe  
  48  4:29  Robotics Bay  
  49  4:32  Probe  
  49  4:33  Observer (Chrono Boost)  
  49  4:37  Probe  
  52  4:44  Probe  
  53  4:46  Gateway  
  53  4:49  Probe  
  53  4:51  Warp Prism (Chrono Boost)  
  56  4:56  Probe  
  56  4:59  Stalker  
  59  5:00  Stalker  
  59  5:02  Probe (Chrono Boost)  
  62  5:10  Probe (Chrono Boost)  
  62  5:14  Probe (Chrono Boost)  
  64  5:20  Pylon  
  65  5:21  Gateway  
  65  5:22  Probe (Chrono Boost)  
  65  5:24  Probe (Chrono Boost), Forge, Disruptor  
  66  5:32  Probe (Chrono Boost)  
  66  5:34  Probe (Chrono Boost)  
  66  5:35  Probe (Chrono Boost)  
  73  5:43  Probe (Chrono Boost)  
  73  5:44  Pylon  
  73  5:46  Probe (Chrono Boost)  
  73  5:47  Probe (Chrono Boost), Assimilator  
  73  5:48  Stalker  
  73  5:49  Assimilator  
  77  5:53  Probe (Chrono Boost)  
  78  5:57  Probe (Chrono Boost), Pylon  
  78  5:59  Probe (Chrono Boost)  
  78  6:04  Probe (Chrono Boost)  
  81  6:08  Probe (Chrono Boost)  
  81  6:11  Probe (Chrono Boost), Protoss Ground Weapons Level 1 (Chrono Boost)  
  83  6:14  Probe (Chrono Boost)  
  83  6:16  Stalker x3  
  90  6:23  Pylon  
  90  6:24  Gateway  
  90  6:25  Gateway  
  90  6:28  Gateway  
  90  6:35  Disruptor  
  90  6:37  Stalker  
  95  6:55  Nexus  
  95  7:02  Stalker x3  
  95  7:06  Disruptor  
  95  7:07  Probe  
  101  7:08  Probe  
  101  7:09  Stalker  
  108  7:34  Twilight Council  
  108  7:49  Stalker x3, Pylon  
  108  7:50  Stalker  
  108  7:51  Pylon  
  116  7:53  Pylon  
  116  8:04  Pylon  
  116  8:11  Pylon  
  116  8:14  Pylon  
  116  8:15  Sentry x4  
  116  8:16  Sentry x3  
  127  8:49  Protoss Ground Weapons Level 2  
  127  8:55  Warp Prism  
  121  9:05  Stalker x4  
  121  9:06  Stalker x2  
  130  9:11  Nexus, Robotics Facility  
  130  9:16  Dark Shrine  
  130  9:30  Warp Prism  
  128  9:32  Stalker x3  
  128  9:33  Stalker x3  
  140  9:52  Sentry  
  141  9:56  Sentry x4  
  149  10:16  Stalker x2  
  149  10:17  Stalker  
  127  10:49  Stalker x5  
  135  10:50  Stalker x2  
  125  11:16  Stalker x7  
Show
View Real Time Build Order
Export as new Build Order

MorN Zerg 

Build Orders: Hatch First 

Get SALT Encoding   

  12  0:01  Drone  
  13  0:11  Drone  
  14  0:18  Overlord  
  14  0:38  Drone  
  14  0:39  Drone x2  
  17  0:58  Hatchery  
  16  1:10  Spawning Pool  
  15  1:11  Drone  
  16  1:24  Drone  
  17  1:43  Drone x2  
  17  1:44  Drone  
  20  1:49  Hatchery  
  19  2:12  Drone x3  
  19  2:14  Queen  
  24  2:18  Queen  
  26  2:25  Drone x2  
  26  2:29  Overlord  
  28  2:48  Drone x3  
  31  3:01  Overlord  
  31  3:04  Drone x4  
  35  3:14  Drone x2  
  35  3:16  Extractor  
  35  3:18  Extractor  
  35  3:24  Queen  
  37  3:29  Drone  
  37  3:30  Drone x3  
  41  3:44  Drone x2  
  41  3:47  Drone  
  41  3:48  Drone x5  
  49  3:58  Overlord x2  
  49  4:08  Lair  
  49  4:12  Roach Warren  
  48  4:24  Drone x3  
  48  4:29  Drone  
  52  4:33  Drone x2  
  52  4:36  Extractor  
  52  4:38  Extractor  
  52  4:39  Drone x5  
  52  4:40  Drone x7  
  64  5:07  Glial Reconstitution  
  64  5:12  Overlord x3  
  64  5:13  Overlord x2  
  64  5:31  Roach  
  64  5:32  Roach x11  
  88  5:37  Hatchery  
  88  5:41  Hatchery x2  
  88  5:42  Overlord x5  
  85  6:00  Infestation Pit  
  85  6:01  Drone  
  85  6:02  Hydralisk Den  
  84  6:07  Drone x3  
  84  6:11  Extractor x2  
  86  6:18  Pneumatized Carapace  
  85  6:22  Drone x3  
  85  6:23  Drone x3  
  91  6:32  Queen x2  
  95  6:34  Muscular Augments  
  95  6:38  Roach x8  
  95  6:39  Roach  
  113  6:45  Spore Crawler, Spine Crawler x2  
  109  6:58  Drone  
  109  6:59  Drone x13  
  109  7:01  Overlord, Queen  
  125  7:13  Evolution Chamber  
  124  7:18  Evolution Chamber  
  124  7:20  Drone  
  124  7:21  Drone x7  
  121  7:40  Hydralisk x6  
  121  7:41  Hydralisk x3  
  139  7:52  Zerg Missile Weapons Level 1, Zerg Ground Armor Level 1  
  139  8:07  Queen  
  141  8:13  Hive  
  141  8:17  Overlord x4  
  139  8:38  Hydralisk  
  139  8:39  Hydralisk x12  
  147  8:44  Hatchery  
  142  9:13  Queen x4  
  150  9:30  Tunneling Claws  
  146  9:55  Ravager  
  146  9:56  Ravager x8  
  146  9:58  Lurker Den  
  155  10:01  Spore Crawler  
  155  10:02  Spine Crawler  
  155  10:03  Spine Crawler  
  155  10:04  Hatchery  
  155  10:06  Hatchery  
  155  10:07  Spine Crawler  
  149  10:08  Spore Crawler  
  149  10:11  Spine Crawler, Queen x2  
  149  10:12  Hatchery, Queen x2  
  146  10:27  Hydralisk  
  146  10:28  Hydralisk x13  
  128  10:43  Hydralisk  
  128  10:44  Hydralisk x4  
  112  10:58  Hydralisk  
  112  10:59  Hydralisk x4  
Tags
 
Add a new tag
Caveats
  • Supply blocks, unpowered buildings, or Contaminate may cause inaccurate times.
  • Supply counts are checked every 10 seconds.